 Dungeon Crawl Stone Soup version 0.18.1-47-g9310371 (webtiles) character file.

1310 rgaf the Chopper (level 8, -2/70 HPs)
             Began as a Minotaur Hunter on June 23, 2016.
             Slain by a sky beast (6 damage)
             ... on level 6 of the Dungeon.
             The game lasted 00:09:03 (4958 turns).

rgaf the Chopper (Minotaur Hunter)                  Turns: 4958, Time: 00:09:04

Health: -2/70      AC: 12    Str: 17    XL:     8   Next: 32%
Magic:  7/7        EV:  7    Int: 10    God:
Gold:   235        SH:  0    Dex: 11    Spells: 0 memorised, 7 levels left

rFire  + . .     SeeInvis .     b - +1 war axe
rCold  . . .     Gourm    .     w - +1 chain mail
rNeg   . . .     Faith    .     (no shield)
rPois  .         Spirit   .     (helmet restricted)
rElec  .         Dismiss  .     (no cloak)
rCorr  .         Reflect  .     C - +0 pair of gloves
SustAt .         Harm     .     (no boots)
MR     .....                    (no amulet)
Stlth  ..........               (no ring)
                                B - ring of protection from fire

@: not resistant to hostile enchantments, extremely unstealthy
A: retaliatory headbutt, horns 2
a: no special abilities


You were on level 6 of the Dungeon.
You were near starving.

You visited 1 branch of the dungeon, and saw 6 of its levels.

You collected 235 gold pieces.

Inventory:

Hand Weapons
 a - a +1 hand crossbow
 b - a +1 war axe (weapon)
 p - a +0 hand axe
 r - a +0 short sword
Missiles
 d - 24 bolts
Armour
 c - a +0 leather armour
 w - a +1 chain mail (worn)
 C - a +0 pair of gloves (worn)
Jewellery
 o - an uncursed amulet of magic regeneration {unknown}
 B - a ring of protection from fire (left hand)
Wands
 A - a wand of enslavement (3/24)
 D - a wand of confusion (19/48)
Scrolls
 e - 4 scrolls of identify
 g - 2 scrolls of remove curse
 i - a scroll of summoning {unknown}
 j - 2 scrolls of enchant weapon
 m - a scroll of enchant armour
 s - 3 scrolls of noise
 y - a scroll of blinking {unknown}
Potions
 h - a potion of lignification
 k - 2 potions of cure mutation {unknown}
 n - a potion of cancellation {unknown}
 t - 3 potions of agility
 u - 2 potions of brilliance {unknown}
 z - 2 potions of flight {unknown}
 E - a potion of invisibility {unknown}
Books
 v - a book of Misfortune

   Spells                             Type                      Level
   a - Confusing Touch                Hexes                        2
   b - Confuse                        Hexes                        3
   c - Gell's Gravitas                Hexes/Translocation          3
   d - Petrify                        Transmutation/Earth          4
   e - Metabolic Englaciation         Hexes/Ice                    5
   f - Yara's Violent Unravelling     Hexes/Transmutation          5
 x - a book of Necromancy

   Spells                             Type                      Level
   a - Pain                           Necromancy                   1
   b - Animate Skeleton               Necromancy                   1
   c - Vampiric Draining              Necromancy                   3
   d - Regeneration                   Charms/Necromancy            3
   e - Animate Dead                   Necromancy                   4
   f - Control Undead                 Necromancy                   4
 F - a book of Party Tricks

   Spells                             Type                      Level
   a - Summon Butterflies             Summoning                    1
   b - Apportation                    Translocation                1
   c - Tukima's Dance                 Hexes                        3
   d - Alistair's Intoxication        Transmutation/Poison         5
   e - Invisibility                   Hexes                        6
Comestibles
 f - 7 bread rations
 l - 2 slices of pizza
 q - 6 meat rations


   Skills:
 + Level 5.8 Fighting
 * Level 7.4 Axes
 + Level 6.8 Crossbows
 + Level 5.0 Armour
 - Level 2.1 Dodging
 - Level 0.7 Stealth


You had 7 spell levels left.
You didn't know any spells.

Dungeon Overview and Level Annotations

Branches:
Dungeon (6/15)
 Temple: D:4-7

Altars:
Cheibriados
Elyvilon
Pakellas

Shops:
D:4 (

Annotations:
D:3 rgaf's ghost, amateur MiHu
D:5 ZappyNine's ghost, novice DrMo


Innate Abilities, Weirdness & Mutations

You reflexively headbutt those who attack you in melee.
You have a pair of horns on your head.


Message History

b - a +1 war axe (weapon)
You hit something but do no damage. Something hits you. Something shocks you.
* * * LOW HITPOINT WARNING * * *
Something hits you but does no damage. Something hits you but does no damage.
You miss something.
Something hits you but does no damage. x2
You closely miss something. Something hits you but does no damage.
You slash something! Something hits you but does no damage.
You miss something. Something hits you.
* * * LOW HITPOINT WARNING * * *
Something shocks you.
* * * LOW HITPOINT WARNING * * *
You closely miss something. Your headbutt misses something. Something hits you.
* * * LOW HITPOINT WARNING * * *
Something shocks you.
* * * LOW HITPOINT WARNING * * *
You miss something. Something hits you.
* * * LOW HITPOINT WARNING * * *
Something shocks you.
You die...

.###.####....#.....###.#.........
.................................
.###.####......##...............)
.# #.# #####..###.###.#.#...#.##
.###.########..# #.# #.#.#...#.##
...............###.###.#.#.....##
.###.....................#...#...
.....#####....................(..
.###.#..........@...##...#...#.##
.# #.#........>...(..............
.# #.#.........>..#(.#...........
## #.#######..##.##..#.......#.#.
####.####........................
...........#..##...............#.
.......##..#..##.##..#.........#.
####.........................#.#.
........#........................


There were no monsters in sight!

Vanquished Creatures
  An ice beast (D:5)
  3 ogres
  A phantom (D:6)
  3 centaurs
  A giant frog (D:6)
  A scorpion (D:6)
  3 crimson imps (D:6)
  5 orc wizards
  An iguana (D:4)
  2 worker ants (D:5)
  A hound zombie (D:5)
  8 adders
  3 gnolls (D:4)
  A shadow imp (D:5)
  An ooze (D:4)
  An adder skeleton (D:4)
  A worm (D:3)
  A dart slug (D:4)
  4 giant geckos
  9 orcs
  2 ball pythons
  3 giant cockroaches
  10 goblins
  10 hobgoblins
  4 jackals (D:2)
  2 quokkas
  6 bats
  A giant gecko skeleton (D:5)
  3 giant newts
  A jackal skeleton (D:5)
  6 kobolds
  2 quokka skeletons
  3 rats
104 creatures vanquished.

Notes
Turn   | Place    | Note
--------------------------------------------------------------
     0 | D:1      | rgaf the Minotaur Hunter began the quest for the Orb.
     0 | D:1      | Reached XP level 1. HP: 18/18 MP: 0/0
   234 | D:1      | Reached XP level 2. HP: 23/25 MP: 1/1
   374 | D:1      | Reached skill level 1 in Armour
   576 | D:1      | Reached skill level 5 in Crossbows
   777 | D:2      | Reached XP level 3. HP: 27/30 MP: 2/2
  1316 | D:3      | Reached skill level 1 in Axes
  1394 | D:3      | Found an oddly glowing altar of Pakellas.
  1422 | D:3      | HP: 2/46 [poisoned by an adder]
  1575 | D:3      | Noticed rgaf's ghost (amateur MiHu)
  1843 | D:3      | Reached XP level 4. HP: 38/38 MP: 3/3
  1845 | D:3      | Reached skill level 2 in Axes
  2294 | D:4      | Noticed an ogre
  2299 | D:4      | Killed an ogre
  2299 | D:4      | Reached skill level 3 in Axes
  2299 | D:4      | Reached XP level 5. HP: 45/45 MP: 4/4
  2369 | D:4      | Reached skill level 4 in Axes
  2410 | D:4      | HP: 1/46 [orc wizard/magic dart (10)]
  2418 | D:4      | Reached XP level 6. HP: 11/52 MP: 5/5
  2774 | D:4      | Found Dozathryi's Antique Weapon Shoppe.
  3097 | D:5      | Entered Level 5 of the Dungeon
  3306 | D:5      | Reached skill level 5 in Axes
  3307 | D:5      | Reached XP level 7. HP: 46/60 MP: 6/6
  3310 | D:5      | Noticed ZappyNine's ghost (novice DrMo)
  3515 | D:5      | Found a snail-covered altar of Cheibriados.
  3903 | D:5      | Found a white marble altar of Elyvilon.
  4171 | D:6      | Reached skill level 5 in Fighting
  4325 | D:6      | Reached skill level 6 in Axes
  4527 | D:6      | Reached XP level 8. HP: 69/69 MP: 7/7
  4628 | D:6      | Reached skill level 7 in Axes
  4740 | D:6      | Reached skill level 5 in Armour
  4958 | D:6      | Slain by a sky beast

Skill      XL: |  1  2  3  4  5  6  7  8 |
---------------+-------------------------+-----
Armour         | 1 2 3 4 5 |  5.0
Crossbows      | 5 6 |  6.8
Fighting       | 3 4 5 |  5.8
Axes           | 1 3 4 5 6 7 |  7.4
Dodging        | |  2.1
Stealth        | |  0.7

Action                   |  1- 3 |  4- 6 |  7- 9 || total
-------------------------+-------+-------+-------++-------
Melee: Short sword       |    52 |       |       ||    52
       Headbutt          |    15 |     6 |     9 ||    30
       Hand axe          |     9 |       |       ||     9
       War axe           |    50 |    59 |    82 ||   191
 Fire: Hand crossbow     |       |    48 |    44 ||    92
Evoke: Wand              |       |     4 |       ||     4
  Use: Potion            |     2 |     4 |       ||     6
       Scroll            |       |     5 |     1 ||     6
 Stab: Sleeping          |     1 |       |       ||     1
  Eat: Chunk             |     3 |     3 |     2 ||     8
       Beef jerky        |       |     1 |       ||     1
       Pizza             |       |       |     1 ||     1
Armor: Leather armour    |    25 |     9 |       ||    34
       Skin              |    12 |       |       ||    12
       Chain mail        |       |    37 |    62 ||    99
Dodge: Dodged            |    88 |    50 |    33 ||   171
